 Dungeon Crawl Stone Soup version 0.28-a0-697-g47f3eba078 (webtiles) character file.

Game seed: 1512123282498141795

6676 Leszczynek the Martial Artist (level 11, -1/89 HPs)
             Began as a Human Gladiator on Oct 23, 2021.
             Was a Believer of Cheibriados.
             Killed from afar by a centaur (16 damage)
             ... with a bolt of acid
             ... on level 10 of the Dungeon.
             The game lasted 01:02:14 (6466 turns).

Leszczynek the Martial Artist (Human Gladiator)     Turns: 6466, Time: 01:02:15

Health: -1/89      AC:  7    Str: 26    XL:     11   Next: 23%
Magic:  16/19      EV: 15    Int: 16    God:    Cheibriados [**....]
Gold:   103        SH:  0    Dex: 26    Spells: 12/17 levels left

rFire   . . .      SeeInvis .   a - +4 dagger (venom)
rCold   . . .      Faith    .   (no shield)
rNeg    + . .      Spirit   .   u - +3 leather armour {Will+}
rPois   .          Reflect  .   o - +0 helmet
rElec   .          Harm     .   t - +2 cloak
rCorr   .          Rampage  .   e - +0 pair of gloves
Will    +....      Clarity  +   (no boots)
Stlth   ++........              (no amulet)
HPRegen 0.24/turn               m - +6 ring of strength
MPRegen 0.16/turn               i - ring "Vubbubbo" {rN+ Dex+6}

@: corroded, very slightly contaminated, very slow
A: clarity, high mp 2
a: Renounce Religion, Bend Time


You were on level 10 of the Dungeon.
You worshipped Cheibriados.
Cheibriados was pleased with you.
You visited 2 branches of the dungeon, and saw 11 of its levels.

You collected 378 gold pieces.
You spent 275 gold pieces at shops.

Inventory:

Hand Weapons
 a - a +4 dagger of venom (weapon)
 b - a +1 hand crossbow
 c - a +3 hunting sling of freezing
 x - a +0 halberd
 I - a +0 quarterstaff
Missiles
 f - 195 stones
 g - 43 poisoned darts
 r - 86 sling bullets
 z - 57 bolts
 E - 2 curare-tipped darts (quivered)
 P - 4 throwing nets
Armour
 e - a +0 pair of gloves (worn)
 o - a +0 helmet (worn)
 t - a +2 cloak (worn)
 u - a +3 leather armour of willpower (worn)
 A - a +0 robe
 D - +0 steam dragon scales
Jewellery
 i - the ring "Vubbubbo" (right hand) {rN+ Dex+6}
   (You acquired it on level 7 of the Dungeon)

   [ring of positive energy]

   Dex:       It affects your dexterity (+6).
   rN:        It protects you from negative energy.
 m - a +6 ring of strength (left hand)
 p - a ring of protection from cold
 G - a ring of see invisible
 J - a +4 ring of protection
 L - a ring of fire
Wands
 l - a wand of digging (6)
 n - a wand of flame (10)
 B - a wand of mindburst (25)
 M - a wand of iceblast (8)
Scrolls
 q - 2 scrolls of teleportation
 s - a scroll of enchant armour {unknown}
 w - a scroll of magic mapping {unknown}
 F - a scroll of vulnerability {unknown}
 K - a scroll of holy word {unknown}
Potions
 d - 2 potions of curing {@q1}
 h - a potion of flight {unknown}
 j - a potion of resistance {unknown}
 k - a potion of berserk rage {!q}
 C - a potion of heal wounds {unknown}
 H - a potion of mutation {!q}
 N - 2 potions of attraction
 O - a potion of magic {unknown}


   Skills:
 - Level 9.0 Fighting
 - Level 2.0 Throwing
 - Level 4.3 Dodging
 * Level 9.9 Unarmed Combat
 - Level 3.5 Spellcasting
 + Level 7.2 Transmutations
 - Level 3.3 Poison Magic
 - Level 4.0 Invocations


You had 12 spell levels left.
You knew the following spells:

 Your Spells              Type           Power      Damage    Failure   Level
a - Spider Form           Tmut/Pois      9%         N/A       7%          3
b - Wereblood             Tmut           26%        N/A       1%          2

Your spell library contained the following spells:

 Spells                   Type           Power      Damage    Failure   Level
 Beastly Appendage        Tmut           52%        N/A       1%          1
 Ignite Poison            Fire/Tmut/Pois 14%        N/A       14%         3
 Slow                     Hex            2%         N/A       30%         2
 Confusing Touch          Hex            2%         N/A       52%         3
 Conjure Flame            Conj/Fire      2%         6-21      52%         3
 Tukima's Dance           Hex            2%         N/A       52%         3
 Vampiric Draining        Necr           1%         2d6       52%         3
 Yara's Violent Unravell  Hex/Tmut       7%         3d5       77%         5
 Passage of Golubria      Tloc           2%         N/A       90%         4
 Sticky Flame             Conj/Fire      2%         2d3       90%         4
 Malign Gateway           Summ/Tloc      1%         N/A       100%        7
 Summon Horrible Things   Summ           1%         N/A       100%        8


Dungeon Overview and Level Annotations

Branches:
Dungeon (10/15)            Temple (1/1) D:4            Lair (0/6) D:10
    Orc (0/2) D:10

Altars:
Ashenzari
Cheibriados
Dithmenos
Elyvilon
Fedhas
Gozag
Kikubaaqudgha
Makhleb
Nemelex Xobeh
Okawaru
Qazlal
Ru
Sif Muna
Trog
Vehumet
Wu Jian
Xom
Yredelemnul
Zin
The Shining One

Shops:
D:8 [

Annotations:
D:8 4 runed translucent doors, exclusion: hornet
D:9 2 runed translucent doors, sn0wgr3's ghost, journeyman MiFi


Innate Abilities, Weirdness & Mutations

You possess an exceptional clarity of mind.
You have a considerably increased reservoir of magic. (+20% MP)


Message History

Confirm with . or Enter, or press ? or * to list all spells.
You turn into a venomous arachnid creature.
Your +4 dagger of venom melds into your body.
Your +2 cloak melds into your body.
Your +0 helmet melds into your body.
Your +0 pair of gloves melds into your body.
Your +3 leather armour of willpower melds into your body.
Your +4 dagger of venom stops dripping with poison.
You feel less strong-willed. The basilisk barely misses you.
You bite the basilisk!
You kill the basilisk!
Cheibriados appreciates the change of pace.
Your transformation is almost over.
You see here a scarf of invisibility.
Your transformation has ended.
Your +4 dagger of venom unmelds from your body.
Your +2 cloak unmelds from your body.
Your +0 helmet unmelds from your body.
Your +0 pair of gloves unmelds from your body.
Your +3 leather armour of willpower unmelds from your body.
Your +4 dagger of venom begins to drip with poison!
You feel strong-willed.
You have 103 gold pieces.
A centaur comes into view. It is carrying a wand of acid (6).
The centaur shouts!
You hear a shout!
The centaur wields a +0 longbow.
The centaur shoots an arrow.
The arrow hits you.
The centaur warrior zombie disappears!
The centaur zaps a wand.
The bolt of acid hits you!! The acid corrodes you!
The centaur zaps a wand.
The bolt of acid hits you!!
* * * LOW HITPOINT WARNING * * *
The centaur unwields a +0 longbow.
The centaur hits you.
* * * LOW HITPOINT WARNING * * *
The centaur kicks you but does no damage.
The shadow disappears!
The centaur closely misses you. The centaur barely misses you.
Unknown command.
Casting: Spider Form (dangerous; 7% risk of failure)
Confirm with . or Enter, or press ? or * to list all spells.
You miscast Spider Form.
You are very lightly contaminated with residual magic.
Nothing appears to happen.
The centaur zaps a wand.
The bolt of acid hits you!
You die...

###.### #...........#####.## #.#
###.##.#.##.#......# #.#
#>..........####.# ###.####
###.#######..# .# ...)...# #...#
#.# #..## .# .......#
#...#^^ยง^^#...# .#
.......#######...#########.# .#
.......##....'..c'....^'?#.# .#
..........####..@#########.#
[[..>..#######...#^^^ #...#
.#[#########.....# #.# #.[#
.#...........#...#######..# #
.#...........##'..........# .#
.#...........##.#########.####.##
.#.....>.....##.# #.......#
.#...........##.# #.......#
.............##'#### ####.......#


You could see a centaur.

Vanquished Creatures
  A two-headed ogre (D:9)
  A cyclops (D:10)
  Joseph (D:7)
  Maurice (D:10)
  A troll (D:8)
  A hornet (D:9)
  Prince Ribbit (D:6)
  Eustachio (D:6)
  4 yaks (D:7)
  A basilisk (shapeshifter) (D:10)
  A basilisk (D:10)
  2 steam dragons (D:9)
  2 ice beasts (D:6)
  8 orc warriors
  A black bear (D:7)
  6 ogres
  4 necrophages
  4 centaurs
  2 bullfrogs
  A wyvern skeleton (D:7)
  3 wights (D:8)
  A spectral centaur (D:9)
  A bullfrog zombie (D:3)
  A centaur zombie (D:9)
  A centaur skeleton (D:9)
  2 hounds (D:5)
  An orc priest (D:10)
  5 gnoll shamans
  2 iguanas
  Ijyb (D:5)
  3 orc wizards
  A killer bee zombie (D:7)
  A howler monkey zombie (D:6)
  10 gnolls
  2 howler monkey skeletons (D:9)
  6 adders
  2 white imps
  2 dart slugs (D:3)
  8 orcs
  8 bats
  8 endoplasms
  3 giant cockroaches
  6 goblins
  4 hobgoblins
  4 kobolds
  2 quokkas (D:1)
  2 ball pythons (D:3)
  3 frilled lizards
  2 rats
139 creatures vanquished.

Vanquished Creatures (others)
  4 fungi (D:9)
  5 plants
9 creatures vanquished.

Grand Total: 148 creatures vanquished

Notes
Turn   | Place    | Note
-------+----------+-------------------------------------------
     0 | D:1      | Leszczynek the Human Gladiator began the quest for the Orb.
     0 | D:1      | Reached XP level 1. HP: 16/16 MP: 1/1
   103 | D:1      | Reached XP level 2. HP: 14/23 MP: 2/2
   256 | D:1      | Reached skill level 3 in Fighting
   376 | D:1      | Reached XP level 3. HP: 18/29 MP: 3/3
  1110 | D:2      | Reached skill level 4 in Fighting
  1110 | D:2      | Reached XP level 4. HP: 34/37 MP: 4/4
  1257 | D:3      | Reached XP level 5. HP: 20/43 MP: 5/5
  1357 | D:3      | Reached skill level 5 in Fighting
  1435 | D:4      | Found a staircase to the Ecumenical Temple.
  1440 | Temple   | Entered the Ecumenical Temple
  1445 | Temple   | Became a worshipper of Cheibriados the Contemplative
  1523 | D:4      | Noticed a centaur
  1535 | D:4      | Killed a centaur
  1536 | D:4      | Reached skill level 6 in Fighting
  1536 | D:4      | Reached XP level 6. HP: 31/52 MP: 6/6
  1668 | D:4      | Noticed a necrophage
  1687 | D:4      | Killed a necrophage
  1840 | D:4      | Noticed an ogre
  1852 | D:4      | Killed an ogre
  1853 | D:4      | Reached skill level 7 in Fighting
  1853 | D:4      | Reached XP level 7. HP: 54/60 MP: 1/7
  1898 | D:5      | Entered Level 5 of the Dungeon
  1910 | D:5      | Reached skill level 1 in Invocations
  2090 | D:5      | Found an iron altar of Okawaru.
  2156 | D:5      | Reached skill level 2 in Invocations
  2164 | D:5      | Reached skill level 8 in Fighting
  2175 | D:5      | Noticed Ijyb
  2182 | D:5      | Killed Ijyb
  2264 | D:6      | Noticed Eustachio
  2275 | D:6      | Killed Eustachio
  2276 | D:6      | Reached XP level 8. HP: 46/68 MP: 2/10
  2435 | D:6      | Reached skill level 4 in Dodging
  2435 | D:6      | Reached skill level 3 in Invocations
  2606 | D:6      | Found a broken altar of Ashenzari.
  2606 | D:6      | Noticed Prince Ribbit
  2622 | D:6      | Killed Prince Ribbit
  2623 | D:6      | Reached skill level 4 in Unarmed Combat
  2808 | D:7      | Reached skill level 4 in Invocations
  2815 | D:7      | Learned a level 3 spell: Spider Form
  2852 | D:7      | Noticed a yak
  2868 | D:7      | Killed a yak
  2869 | D:7      | Reached skill level 1 in Transmutations
  2869 | D:7      | Reached XP level 9. HP: 73/75 MP: 10/12
  2963 | D:7      | Reached skill level 2 in Transmutations
  3081 | D:7      | Reached skill level 3 in Transmutations
  3098 | D:7      | Found a stormy altar of Qazlal.
  3119 | D:7      | Noticed Joseph
  3124 | D:7      | Identified a scroll of acquirement
  3124 | D:7      | Acquired the ring "Vubbubbo" {rN+ Dex+6}
  3133 | D:7      | Gained mutation: You have an increased reservoir of magic.
                  | (+10% MP) [potion of mutation]
  3133 | D:7      | Gained mutation: You have a considerably increased
                  | reservoir of magic. (+20% MP) [potion of mutation]
  3133 | D:7      | Gained mutation: You possess an exceptional clarity of
                  | mind. [potion of mutation]
  3147 | D:7      | Reached skill level 5 in Unarmed Combat
  3423 | D:8      | Noticed a polar bear
  3423 | D:8      | Noticed a polar bear
  3423 | D:8      | Noticed a polar bear
  3423 | D:8      | Found a huge runed translucent gate.
  3423 | D:8      | Found a huge runed translucent gate.
  3423 | D:8      | Found a huge runed translucent gate.
  3423 | D:8      | Found a huge runed translucent gate.
  3424 | D:8      | Noticed a polar bear
  3458 | D:8      | Noticed a troll
  3473 | D:8      | Killed a troll
  3474 | D:8      | Reached skill level 1 in Spellcasting
  3474 | D:8      | Reached skill level 4 in Transmutations
  3474 | D:8      | Reached skill level 2 in Poison Magic
  3613 | D:8      | Found Rubaodgh's Antique Armour Emporium.
  3620 | D:8      | Bought an embroidered cloak for 165 gold pieces
  3653 | D:8      | Found a basalt altar of Yredelemnul.
  3693 | D:8      | Bought a runed leather armour for 110 gold pieces
  3729 | D:8      | Noticed a hornet
  4096 | D:8      | 28% 4 times
  4096 | D:8      | 0.6% chance
  4096 | D:8      | ayyyy let's go
  4537 | D:9      | Noticed a two-headed ogre
  4550 | D:9      | Killed a two-headed ogre
  4551 | D:9      | Reached skill level 3 in Spellcasting
  4551 | D:9      | Reached skill level 3 in Poison Magic
  4693 | D:9      | Reached XP level 10. HP: 57/82 MP: 14/18
  4766 | D:9      | Reached skill level 5 in Transmutations
  4894 | D:9      | Reached * piety under Cheibriados
  4895 | D:9      | Reached skill level 6 in Unarmed Combat
  5100 | D:9      | Reached skill level 7 in Unarmed Combat
  5129 | D:9      | Reached skill level 6 in Transmutations
  5169 | D:9      | Found a large runed translucent door.
  5170 | D:9      | Found a large runed translucent door.
  5172 | D:9      | Noticed sn0wgr3's ghost (journeyman MiFi)
  5199 | D:9      | Paralysed by a hornet for 2 turns
  5224 | D:9      | Reached skill level 8 in Unarmed Combat
  5407 | D:10     | Entered Level 10 of the Dungeon
  5407 | D:10     | Found a staircase to the Lair.
  5421 | D:10     | Noticed a cyclops
  5432 | D:10     | Killed a cyclops
  5508 | D:10     | Found an ornate altar of the Wu Jian Council.
  5571 | D:10     | Learned a level 2 spell: Wereblood
  5596 | D:10     | Noticed Maurice
  5647 | D:10     | Killed Maurice
  5797 | D:10     | Noticed a gargoyle
  6027 | D:10     | Found a staircase to the Orcish Mines.
  6036 | D:10     | Reached ** piety under Cheibriados
  6087 | D:9      | Reached skill level 9 in Unarmed Combat
  6087 | D:9      | Reached XP level 11. HP: 87/87 MP: 16/19
  6220 | D:7      | Killed Joseph
  6221 | D:7      | Reached skill level 9 in Fighting
  6333 | D:7      | Reached skill level 7 in Transmutations
  6465 | D:10     | HP: 16/89 [centaur/bolt of acid (35)]
  6466 | D:10     | Killed from afar by a centaur

Illustrated notes

.#######.....#.....#>............
########.....#.....#.............
.......#.....#######.............
...h...#.........................
..hh.h.#.........................
lhh.hhh#..........z.############.
lhYhhll#.......z....#..........#.
#++++###.....#####z##..........'.
.............#..@..##....#######.
.............#.....###'### ..
.............##+#####.....# .....
########....... . #.....# .....
#........ .. #.....#......
#........ ...#######......
#.........................
....... .............z. ....
...............


Turn 4096 on D:8: 28% 4 times

Levels and vault maps discovered:
D:1:      dpeg_arrival_rooms_with_view, layout_basic,
          ebering_ecumenical_altar_rust, minivault_27, minmay_heptomino_w4
D:2:      layout_basic
D:3:      layout_basic
D:4:      layout_gridville, temple_doors_e
D:5:      layout_cave_pools, okawaru_gym_becter, uniq_ijyb
D:6:      layout_loops_ring, lemuel_tele_altar, uniq_prince_ribbit1,
          uniq_eustachio
D:7:      layout_cave_pods, mainiacjoe_overflow_tiny_flanked,
          patterned_corridor, uniq_joseph
D:8:      lemuel_bear_cage, layout_gridville, yredelemnul_altar_generic,
          serial_shops, nicolae_shop_crystal, grunt_decor_mini_mirrors
D:9:      kennysheep_seaside_town, layout_irregular_city,
          nicolae_uskayaw_murder_on_the_dancefloor, ebering_ghost_disaster_area,
          hangedman_weighted_door
D:10:     layout_roguey, kennysheep_mini,
          nicolae_hepliaklqana_ecumenical_no_more, lair_entry_dummy,
          orc_david_3, kennysheep_another_room, grunt_tough_drop, uniq_maurice
Temple:   minmay_freezing_vapour_temple

Skill      XL: |  1  2  3  4  5  6  7  8  9 10 11 |
---------------+----------------------------------+-----
Fighting       | 3 4 6 7 8 9 |  9.0
Invocations    | 2 4 |  4.0
Dodging        | 4 |  4.3
Unarmed Combat | 4 5 9 |  9.9
Transmutations | 1 4 6 7 |  7.2
Spellcasting   | 3 |  3.5
Poison Magic   | 3 |  3.3
Throwing       | |  2.0

Action                   |  1- 3 |  4- 6 |  7- 9 | 10-12 || total
-------------------------+-------+-------+-------+-------++-------
Melee: Unarmed           |    55 |       |    20 |   179 ||   254
       Whip              |    13 |       |       |       ||    13
       Punch             |     1 |     2 |     2 |     3 ||     8
       Dagger            |    16 |    53 |   137 |    26 ||   232
       Trident           |     2 |    11 |    11 |       ||    24
       Mace              |       |    10 |     5 |       ||    15
 Fire: Hunting sling     |     5 |     2 |       |       ||     7
       Hand crossbow     |       |       |    25 |     4 ||    29
Throw: Stone             |    39 |       |       |       ||    39
       Throwing net      |     1 |       |       |       ||     1
       Dart              |    22 |    18 |     8 |     4 ||    52
 Cast: Spider Form       |       |       |     5 |    22 ||    27
Invok: Bend Time         |       |     4 |     6 |     2 ||    12
Evoke: Wand              |       |       |    16 |       ||    16
  Use: Scroll            |       |     1 |    12 |     1 ||    14
       Potion            |       |       |     1 |       ||     1
 Stab: Sleeping          |       |       |       |     3 ||     3
Armor: Leather armour    |    26 |       |    12 |    23 ||    61
       Ring mail         |     2 |    18 |    35 |       ||    55
       Skin              |       |       |       |     4 ||     4
Dodge: Dodged            |    40 |    53 |   106 |   210 ||   409

Table legend: (Time is in decaauts)
 A = Elapsed time spent in this place.
 B = Non-inter-level travel time spent in this place.
 C = Inter-level travel time spent in this place.
 D = Time resting spent in this place.
 E = Time spent auto-exploring this place.
 F = Levels seen in this place.
 G = Mean time per level.
                   A        B        C        D        E       F      G
               +--------+--------+--------+--------+--------+-----+--------+
         Total |   7815 |   7382 |    433 |    109 |      0 |  11 |  710.5 |
       Dungeon |   7804 |   7371 |    433 |    109 |      0 |  10 |  780.4 |
        Temple |     11 |     11 |      0 |      0 |      0 |   1 |   11.0 |
               +--------+--------+--------+--------+--------+-----+--------+

Top non-repeatable levels by time:
     D:9: 1362 daAuts
     D:8: 1343 daAuts
    D:10: 993 daAuts
     D:7: 935 daAuts
     D:6: 704 daAuts
     D:1: 632 daAuts
     D:4: 591 daAuts
     D:2: 482 daAuts
     D:5: 394 daAuts
     D:3: 363 daAuts
  Temple: 11 daAuts
